 Dungeon Crawl Stone Soup version 0.19-b1-5-gdc9fa9d (webtiles) character file.

256 GordonOverkill the Covered (level 5, -17/46 HPs)
             Began as a Minotaur Venom Mage on Nov 1, 2016.
             Demolished by an ogre
             ... wielding a +0 giant club
              (28 damage)
             ... on level 4 of the Dungeon.
             The game lasted 00:11:44 (5277 turns).

GordonOverkill the Covered (Minotaur Venom Mage)    Turns: 5277, Time: 00:11:45

Health: -17/46     AC: 10    Str: 13    XL:     5   Next: 92%
Magic:  3/6        EV: 11    Int: 12    God:
Gold:   200        SH:  0    Dex: 11    Spells: 1 memorised, 5 levels left

rFire  . . .     SeeInvis .     s - +1 hand axe
rCold  . . .     Gourm    .     a - +1 ring mail {rN+}
rNeg   + . .     Faith    .     (no shield)
rPois  .         Spirit   .     (helmet restricted)
rElec  .         Reflect  .     k - +2 cloak
rCorr  .         Harm     .     (no gloves)
MR     .....                    (no boots)
Stlth  +.........               (no amulet)
                                (no ring)
                                (no ring)

@: very slightly contaminated
A: retaliatory headbutt, horns 2
a: no special abilities


You were on level 4 of the Dungeon.
You were not hungry.

You visited 1 branch of the dungeon, and saw 4 of its levels.

You collected 200 gold pieces.

Inventory:

Hand Weapons
 s - a +1 hand axe (weapon)
Armour
 a - a +1 ring mail of positive energy (worn)
 k - a +2 cloak (worn)
Jewellery
 o - an uncursed ring of ice
Wands
 u - a wand of teleportation (7/9)
Scrolls
 d - a scroll of fear
 h - a scroll of blinking
 i - a scroll of enchant armour {unknown}
 l - a scroll of teleportation
 q - a scroll of enchant weapon
Potions
 e - a potion of magic
 f - a potion of flight
 j - a potion of experience {unknown}
 t - a potion of heal wounds {unknown}
Books
 b - a Young Poisoner's Handbook

   Spells                             Type                      Level
   a - Sting                          Conjuration/Poison           1
   b - Mephitic Cloud                 Conjuration/Poison/Air       3
   c - Olgreb's Toxic Radiance        Poison                       4
   d - Alistair's Intoxication        Transmutation/Poison         5
   e - Venom Bolt                     Conjuration/Poison           5
Comestibles
 c - a bread ration
 g - 3 meat rations


   Skills:
 - Level 4.1 Fighting
 + Level 1.7 Axes
 - Level 5.0 Armour
 - Level 2.1 Dodging
 - Level 1.5 Stealth
 - Level 1.3 Spellcasting
 - Level 2.9 Poison Magic


You had 5 spell levels left.
You knew the following spells:

 Your Spells              Type           Power        Failure   Level  Hunger
a - Sting                 Conj/Pois      #...         34%         1    ##.....


Dungeon Overview and Level Annotations

Branches:
Dungeon (4/15)
 Temple: D:4-7

Altars:
Makhleb
Ru
Vehumet


Innate Abilities, Weirdness & Mutations

You reflexively headbutt those who attack you in melee.
You have a pair of horns on your head.


Message History

You hit the ogre but do no damage.
The ogre is heavily wounded.
The ogre hits you with a giant club!!
You hit the ogre. You headbutt the ogre.
The ogre is severely wounded.
The ogre hits you but does no damage.
You completely miss the ogre.
The ogre is severely wounded.
The ogre hits you with a giant club!
* * * LOW HITPOINT WARNING * * *
Things that are here:
a +0 spear; a hound corpse
There is a stone staircase leading down here.
The ogre looks more healthy.
You are too injured to fight recklessly!
Your ring mail prevents you from hitting the ogre.
The ogre is almost dead.
The ogre hits you with a giant club!!
Ouch! That really hurt!
You die...

*,*,****,***,**
*******,*,* *,,,*,*
*,,,,,...,* ***,*,**
*,*####.#** *,*,,,
*,,..##.# *,*,,*
*,,#.##.# *,*,,*
*,,#.##.# *,####
*,,#.##.# #####.....
*,,#@##.####.....###*
*,,#.O.>...).........
*,,####.##.#.....####
*,,*#....#.#.....#
*,,*#.#..#..)...##
*,,...####......#
**#....,,+......#
#...#**#......# #####
#......#


You could see an ogre.

Vanquished Creatures
  A hound (D:4)
  An orc priest (D:2)
  An orc wizard (D:3)
  2 gnolls (D:2)
  8 adders
  An ooze (D:2)
  A worm (D:2)
  4 leopard geckos (D:2)
  4 orcs
  A ball python (D:2)
  5 giant cockroaches
  6 goblins
  5 hobgoblins
  2 jackals (D:3)
  7 kobolds
  2 quokkas
  10 bats
  5 frilled lizards
  4 rats
70 creatures vanquished.

Notes
Turn   | Place    | Note
-------+----------+-------------------------------------------
     0 | D:1      | GordonOverkill the Minotaur Venom Mage began the quest for the Orb.
     0 | D:1      | Reached XP level 1. HP: 14/14 MP: 1/1
   220 | D:1      | Reached skill level 1 in Armour
   656 | D:1      | Reached skill level 1 in Fighting
   682 | D:1      | Reached XP level 2. HP: 15/23 MP: 3/3
  1278 | D:1      | Reached skill level 2 in Armour
  1813 | D:2      | Reached XP level 3. HP: 29/29 MP: 0/4
  2131 | D:2      | Reached skill level 3 in Armour
  2279 | D:2      | Reached XP level 4. HP: 29/37 MP: 0/5
  3388 | D:2      | Found a faded altar of an unknown god.
  3448 | D:2      | Found a burning altar of Makhleb.
  3728 | D:3      | Reached skill level 4 in Armour
  3794 | D:3      | Found a radiant altar of Vehumet.
  3880 | D:2      | Reached XP level 5. HP: 27/45 MP: 6/6
  4942 | D:3      | Found a sacrificial altar of Ru.
  4967 | D:3      | Reached skill level 1 in Axes
  5253 | D:4      | Reached skill level 5 in Armour
  5258 | D:4      | Noticed an ogre
  5277 | D:4      | Demolished by an ogre

Skill      XL: |  1  2  3  4  5 |
---------------+----------------+-----
Armour         | 1 2 3 4 5 |  5.0
Fighting       | 1 2 3 4 |  4.1
Axes           | 1 |  1.7
Dodging        | |  2.1
Stealth        | |  1.5
Spellcasting   | |  1.3
Poison Magic   | |  2.9

Action                   |  1- 3 |  4- 6 || total
-------------------------+-------+-------++-------
Melee: Club              |   150 |    18 ||   168
       Headbutt          |    31 |    14 ||    45
       Spear             |       |   140 ||   140
       Hand axe          |       |     5 ||     5
 Cast: Sting             |    38 |    51 ||    89
  Use: Potion            |     2 |     1 ||     3
       Scroll            |       |    10 ||    10
 Stab: Sleeping          |       |     1 ||     1
  Eat: Chunk             |     6 |    12 ||    18
Armor: Robe              |    17 |    10 ||    27
       Ring mail         |       |    60 ||    60
Dodge: Dodged            |    57 |   100 ||   157
